[Event "3rd Memorial Warakomska 2019"]
[Site "Suwalki"]
[Date "2019.08.09"]
[Round "6.31"]
[White "Koziol, Kamil"]
[Black "Lisowski, Krzysztof"]
[Result "1-0"]
[ECO "A18"]
[WhiteElo "2307"]
[BlackElo "2187"]
[Annotator "NA"]
[PlyCount "83"]
[EventDate "2019.08.05"]
[EventType "swiss"]
[EventCountry "POL"]
[SourceTitle "playchess.com"]
[Source "ChessBase"]
[SourceQuality "1"]
[TimeControl "40/5400+30:1800+30"]

1. c4 e6 2. Nc3 Nf6 3. e4 d5 4. e5 d4 5. exf6 dxc3 6. bxc3 Qxf6 7. d4 e5 8. Nf3 exd4 9. Bg5 Qe6+ 10. Be2 Be7 11. Bxe7 d3 12. Qxd3 Qxe7 13. O-O O-O 14. Rab1 Nd7 15. Rfe1 Nc5 16. Qd5 Be6 17. Qh5 Rad8 18. Nd4 g6 19. Qh6 Qf6 20. Bf1 Bc8 21. Re3 c6 22. Rbe1 Qg7 23. Qh4 h6 24. Qe7 Ne6 25. Nxe6 fxe6 26. Qc5 Rd2 27. R1e2 Rxe2 28. Bxe2 a6 29. h4 Qf6 30. Rf3 Qd8 31. Rg3 Kg7 32. Bd3 Rf6 33. Qe5 Kf7 34. Qe4 Qg8 35. f4 h5 36. Qd4 Qf8 37. Rg5 Qe8 38. g4 hxg4 39. h5 gxh5 40. Rxh5 Ke7 41. Rh7+ Rf7 42. Rh8 1-0

[Event "3rd Memorial Warakomska 2019"]
[Site "Suwalki"]
[Date "2019.08.09"]
[Round "6.32"]
[White "Selbes, Tarik"]
[Black "Kumala, Aleksander"]
[Result "0-1"]
[ECO "A05"]
[WhiteElo "2342"]
[BlackElo "2184"]
[Annotator "NA"]
[PlyCount "144"]
[EventDate "2019.08.05"]
[EventType "swiss"]
[EventCountry "POL"]
[SourceTitle "playchess.com"]
[Source "ChessBase"]
[SourceQuality "1"]
[TimeControl "40/5400+30:1800+30"]

1. Nf3 Nf6 2. g3 b5 3. Bg2 Bb7 4. d3 d5 5. d4 e6 6. a4 b4 7. Nbd2 Nbd7 8. a5 Rc8 9. c4 bxc3 10. bxc3 c5 11. O-O Be7 12. Ba3 O-O 13. Re1 cxd4 14. cxd4 Ba6 15. Qa4 Rc3 16. Bb2 Rc7 17. Rab1 Qa8 18. Ba3 Bxa3 19. Qxa3 Rfc8 20. h3 Rc3 21. Qe7 Re8 22. Qb4 Qc6 23. Ne5 Qc7 24. Ndf3 Nxe5 25. Nxe5 Rc8 26. Qa4 Rc2 27. Bf3 Ne4 28. Bxe4 dxe4 29. Qd7 Qxd7 30. Nxd7 Rxe2 31. Nc5 Rxe1+ 32. Rxe1 Bd3 33. Re3 Rd8 34. Nxd3 exd3 35. Rxd3 Rd5 36. Rb3 g6 37. a6 Ra5 38. Rb7 Rxa6 39. Kg2 Ra3 40. Rd7 Kf8 41. d5 exd5 42. Rxd5 Ke7 43. Rb5 a5 44. Rb7+ Kf6 45. g4 g5 46. Rb6+ Kg7 47. Ra6 a4 48. f3 Ra1 49. h4 gxh4 50. Kh3 a3 51. Kxh4 a2 52. Kg5 h5 53. f4 hxg4 54. Kf5 g3 55. Ra3 Kf8 56. Kf6 Ke8 57. Re3+ Kd7 58. Rd3+ Kc6 59. Rd2 Rf1 60. Rxa2 Rxf4+ 61. Kg5 Rf2 62. Ra6+ Kd5 63. Ra5+ Ke4 64. Ra4+ Kf3 65. Ra3+ Kg2 66. Kh4 Rf4+ 67. Kg5 Rf3 68. Ra2+ Rf2 69. Ra4 f5 70. Kh4 f4 71. Rb4 Kh2 72. Rb3 f3 0-1

[Event "3rd Memorial Warakomska 2019"]
[Site "Suwalki"]
[Date "2019.08.09"]
[Round "6.33"]
[White "Czerw, Dawid"]
[Black "Hoffmann, Yair"]
[Result "1/2-1/2"]
[ECO "D11"]
[WhiteElo "2326"]
[BlackElo "2099"]
[Annotator "NA"]
[PlyCount "86"]
[EventDate "2019.08.05"]
[EventType "swiss"]
[EventCountry "POL"]
[SourceTitle "playchess.com"]
[Source "ChessBase"]
[SourceQuality "1"]
[TimeControl "40/5400+30:1800+30"]

1. d4 d5 2. c4 c6 3. Nf3 Nf6 4. e3 e6 5. b3 b6 6. Bd3 Bb7 7. O-O Nbd7 8. Nbd2 Bd6 9. Bb2 O-O 10. Ne5 c5 11. Qc2 cxd4 12. exd4 Rc8 13. a4 h6 14. Qd1 dxc4 15. Ndxc4 Be7 16. Qe2 Nb8 17. Rad1 Nc6 18. Bb1 Na5 19. Nxa5 bxa5 20. Nc4 Ba6 21. Rc1 Nd5 22. f4 Rb8 23. Rf3 Bf6 24. Qe4 g6 25. Ne5 Ne7 26. Rh3 Bb7 27. Qe2 Bg7 28. Rd1 Bd5 29. Bc2 Qd6 30. Qd2 Rfc8 31. Rc1 Qb6 32. Ba3 Nf5 33. Bc5 Rxc5 34. dxc5 Qxc5+ 35. Kh1 Rc8 36. Nd3 Qb6 37. Bd1 Rd8 38. Qe1 Bd4 39. Bf3 Qxb3 40. Bxd5 Qxd5 41. Ne5 Bxe5 42. fxe5 Qd4 43. Qxa5 Rd5 1/2-1/2

[Event "3rd Memorial Warakomska 2019"]
[Site "Suwalki"]
[Date "2019.08.09"]
[Round "6.34"]
[White "Sernecki, Franciszek"]
[Black "Maj, Pawel"]
[Result "1-0"]
[ECO "B91"]
[WhiteElo "2275"]
[BlackElo "2127"]
[Annotator "NA"]
[PlyCount "101"]
[EventDate "2019.08.05"]
[EventType "swiss"]
[EventCountry "POL"]
[SourceTitle "playchess.com"]
[Source "ChessBase"]
[SourceQuality "1"]
[TimeControl "40/5400+30:1800+30"]

1. e4 c5 2. Nf3 d6 3. d4 cxd4 4. Nxd4 Nf6 5. Nc3 a6 6. g3 g6 7. Bg2 Bg7 8. O-O O-O 9. Re1 Bd7 10. Nd5 Nc6 11. Nxc6 bxc6 12. Nxf6+ Bxf6 13. c3 Rb8 14. Qc2 Qb6 15. b3 Qc5 16. Bd2 Bd4 17. Rf1 Bg7 18. Qd3 a5 19. Rac1 Qa7 20. Kh1 c5 21. Qe3 Bc6 22. f4 Qb7 23. f5 gxf5 24. Rxf5 e6 25. Rf2 Kh8 26. Rcf1 f5 27. exf5 Rxf5 28. Bxc6 Qxc6+ 29. Kg1 Rxf2 30. Rxf2 Qd5 31. Re2 Re8 32. c4 Qa8 33. Bc3 Bxc3 34. Qxc3+ e5 35. Rf2 Qe4 36. Qxa5 Qd4 37. Qd2 e4 38. Qh6 Kg8 39. Qg5+ Kh8 40. Qf6+ Qxf6 41. Rxf6 e3 42. Kf1 Ra8 43. Ke2 Rxa2+ 44. Kxe3 Ra6 45. Re6 Rb6 46. Ke4 Kg7 47. Kd5 h5 48. Rxd6 Rxb3 49. Kxc5 Rb2 50. h4 Rb3 51. Rd5 1-0

[Event "3rd Memorial Warakomska 2019"]
[Site "Suwalki"]
[Date "2019.08.09"]
[Round "6.35"]
[White "Szadkowski, Kamil"]
[Black "Lis, Mateusz"]
[Result "1-0"]
[ECO "B48"]
[WhiteElo "2245"]
[BlackElo "2007"]
[Annotator "NA"]
[PlyCount "45"]
[EventDate "2019.08.05"]
[EventType "swiss"]
[EventCountry "POL"]
[SourceTitle "playchess.com"]
[Source "ChessBase"]
[SourceQuality "1"]
[TimeControl "40/5400+30:1800+30"]

1. e4 c5 2. Nf3 e6 3. d4 cxd4 4. Nxd4 Nc6 5. Nc3 Qc7 6. Be3 a6 7. Qd2 Nf6 8. f3 Ne5 9. O-O-O Bb4 10. Nb3 b5 11. Qe1 Rb8 12. a3 Be7 13. f4 Nc4 14. e5 Ng4 15. Bd4 Nh6 16. Bd3 a5 17. Nxb5 Rxb5 18. Qc3 Qb8 19. Bxc4 Rb7 20. Nxa5 Rc7 21. Qb3 Qa8 22. Qc3 Nf5 23. Bd3 1-0

[Event "3rd Memorial Warakomska 2019"]
[Site "Suwalki"]
[Date "2019.08.09"]
[Round "6.36"]
[White "Kiolbasa, Oliwia"]
[Black "Advait, Bagri"]
[Result "1-0"]
[ECO "C97"]
[WhiteElo "2239"]
[BlackElo "1968"]
[Annotator "NA"]
[PlyCount "77"]
[EventDate "2019.08.05"]
[EventType "swiss"]
[EventCountry "POL"]
[SourceTitle "playchess.com"]
[Source "ChessBase"]
[SourceQuality "1"]
[TimeControl "40/5400+30:1800+30"]

1. e4 e5 2. Nf3 Nc6 3. Bb5 a6 4. Ba4 Nf6 5. O-O Be7 6. Re1 b5 7. Bb3 d6 8. c3 O-O 9. h3 Na5 10. Bc2 c5 11. d4 Qc7 12. d5 Bd7 13. b3 Rfc8 14. Nbd2 c4 15. b4 Nb7 16. a4 a5 17. axb5 Bxb5 18. Rb1 Nd7 19. Nf1 axb4 20. cxb4 Ra2 21. Ne3 Nb6 22. Nh2 c3 23. Qg4 Ba4 24. Bxa4 Rxa4 25. Nf5 Bf8 26. Be3 Kh8 27. Bxb6 Qxb6 28. Nxg7 Ra2 29. Rf1 Rc4 30. Nh5 Rxf2 31. Rxf2 c2 32. Rc1 Qe3 33. Nf1 Qxc1 34. Rxf7 Qh6 35. Nf6 Qg7 36. Rxg7 Bxg7 37. Qf5 Bxf6 38. Qxf6+ Kg8 39. Qg5+ 1-0

[Event "3rd Memorial Warakomska 2019"]
[Site "Suwalki"]
[Date "2019.08.09"]
[Round "6.37"]
[White "Zaika, Daniil"]
[Black "Mulet, Piotr"]
[Result "1-0"]
[ECO "D74"]
[WhiteElo "2216"]
[BlackElo "2244"]
[Annotator "NA"]
[PlyCount "111"]
[EventDate "2019.08.05"]
[EventType "swiss"]
[EventCountry "POL"]
[SourceTitle "playchess.com"]
[Source "ChessBase"]
[SourceQuality "1"]
[TimeControl "40/5400+30:1800+30"]

1. d4 Nf6 2. c4 g6 3. g3 Bg7 4. Bg2 d5 5. cxd5 Nxd5 6. Nf3 O-O 7. O-O c5 8. e4 Nf6 9. e5 Nd5 10. Nc3 cxd4 11. Qxd4 Nxc3 12. Qxc3 Nc6 13. Bf4 Qb6 14. Be3 Qa6 15. Rfe1 Bg4 16. Bc5 Rac8 17. Qa3 Qxa3 18. Bxa3 b5 19. b3 Rfd8 20. Ng5 b4 21. Bxc6 bxa3 22. Bf3 Bxf3 23. Nxf3 Rd3 24. Kg2 Rcc3 25. Ng5 Rc2 26. Rec1 Rdd2 27. Rxc2 Rxc2 28. Rd1 Bxe5 29. Nf3 Bc3 30. Rd8+ Kg7 31. Rc8 Rc1 32. Nd4 Bb2 33. Rxc1 Bxc1 34. Nc6 Kf6 35. Kf3 a6 36. Ke2 Bb2 37. Kd3 h5 38. Nb4 Kg5 39. f3 h4 40. Nxa6 h3 41. b4 Kf5 42. b5 Be5 43. f4 Bd6 44. b6 e5 45. fxe5 Bxe5 46. b7 Bxg3 47. hxg3 h2 48. b8=Q h1=Q 49. Qf4+ Ke6 50. Qe4+ Qxe4+ 51. Kxe4 f5+ 52. Kf4 Kf6 53. Nb4 g5+ 54. Kf3 Ke5 55. Nc2 f4 56. g4 1-0

[Event "3rd Memorial Warakomska 2019"]
[Site "Suwalki"]
[Date "2019.08.09"]
[Round "6.38"]
[White "Jankowiak, Tomasz"]
[Black "Kubicka, Anna"]
[Result "1/2-1/2"]
[ECO "B51"]
[WhiteElo "2104"]
[BlackElo "2202"]
[Annotator "NA"]
[PlyCount "254"]
[EventDate "2019.08.05"]
[EventType "swiss"]
[EventCountry "POL"]
[SourceTitle "playchess.com"]
[Source "ChessBase"]
[SourceQuality "1"]
[TimeControl "40/5400+30:1800+30"]

1. e4 c5 2. Nf3 d6 3. Bb5+ Nd7 4. d4 cxd4 5. Qxd4 a6 6. Bxd7+ Bxd7 7. O-O Rc8 8. Nc3 e5 9. Qd3 Be7 10. h3 h6 11. Nd2 Qc7 12. Rd1 Nf6 13. a4 O-O 14. Nf1 Be6 15. Ne3 Qc5 16. Qe2 Bd8 17. Qf3 Re8 18. Nf5 Bxf5 19. Qxf5 Re6 20. Rd3 g6 21. Rg3 Nh7 22. Bxh6 Bh4 23. Rg4 Rf6 24. Be3 Rxf5 25. Bxc5 Rh5 26. Bxd6 Nf6 27. Rxh4 Rxh4 28. Be7 Kg7 29. Nd5 Nxd5 30. Bxh4 Nf4 31. c3 Nd3 32. Rb1 Rc4 33. f3 Rxa4 34. b3 Ra2 35. Bg3 Rc2 36. c4 Kf6 37. Rd1 Rc3 38. b4 Ke6 39. b5 axb5 40. cxb5 Rb3 41. Kf1 f6 42. Ke2 Nc5 43. Bf2 Na4 44. Ra1 Nc3+ 45. Kf1 Nxb5 46. Ra8 Rb1+ 47. Ke2 Rb2+ 48. Kf1 Nc3 49. g3 Rb1+ 50. Kg2 Nd1 51. Bg1 Rb2+ 52. Kf1 Nc3 53. h4 Ne2 54. Bf2 Nc1 55. Re8+ Kf7 56. Rc8 Nd3 57. Be3 Rb3 58. Ke2 Nb2 59. Rc7+ Ke6 60. g4 Na4 61. h5 gxh5 62. gxh5 Nc3+ 63. Kd2 Nb1+ 64. Ke2 Nc3+ 65. Kf1 Nb5 66. Rxb7 Rxe3 67. h6 Rxf3+ 68. Kg2 Rf4 69. h7 Rh4 70. Rxb5 Rxh7 71. Rb6+ Kf7 72. Kg3 Kg6 73. Ra6 Rb7 74. Ra3 Rb4 75. Kf3 Kg5 76. Rc3 Rb1 77. Rc8 Rb3+ 78. Ke2 Kf4 79. Rc6 Kxe4 80. Rxf6 Rb2+ 81. Kf1 Ke3 82. Ra6 Rb1+ 83. Kg2 Rd1 84. Ra3+ Rd3 85. Ra1 Rd2+ 86. Kf1 e4 87. Ke1 Rb2 88. Ra3+ Kf4 89. Rc3 Ra2 90. Rb3 Ra1+ 91. Ke2 Rh1 92. Ra3 Rh2+ 93. Ke1 Rc2 94. Rb3 Ke5 95. Ra3 Rb2 96. Rc3 Kd4 97. Rh3 Rc2 98. Rg3 Rc5 99. Ke2 Ra5 100. Rh3 Ra2+ 101. Ke1 Kc4 102. Rg3 Ra5 103. Ke2 Kd4 104. Rh3 Ra6 105. Rg3 Rh6 106. Ra3 Rh2+ 107. Ke1 Ke5 108. Rb3 Kf4 109. Ra3 Rg2 110. Rb3 Rg5 111. Ra3 Rb5 112. Rc3 Rf5 113. Ke2 Kg4 114. Ra3 Rh5 115. Rb3 Rh2+ 116. Ke1 Rg2 117. Ra3 Rg3 118. Rxg3+ Kxg3 119. Ke2 Kf4 120. Kf2 e3+ 121. Ke2 Ke4 122. Ke1 Kf3 123. Kf1 Kg4 124. Ke2 Kf4 125. Ke1 Kf3 126. Kf1 e2+ 127. Ke1 Ke3 1/2-1/2

[Event "3rd Memorial Warakomska 2019"]
[Site "Suwalki"]
[Date "2019.08.09"]
[Round "6.39"]
[White "Antolak, Julia"]
[Black "Luba, Lukasz"]
[Result "1/2-1/2"]
[ECO "C41"]
[WhiteElo "2258"]
[BlackElo "2177"]
[Annotator "NA"]
[PlyCount "133"]
[EventDate "2019.08.05"]
[EventType "swiss"]
[EventCountry "POL"]
[SourceTitle "playchess.com"]
[Source "ChessBase"]
[SourceQuality "1"]
[TimeControl "40/5400+30:1800+30"]

1. e4 e5 2. Nf3 d6 3. d4 exd4 4. Qxd4 Nf6 5. Nc3 Nc6 6. Qe3 Be7 7. Bd2 O-O 8. O-O-O Re8 9. Bc4 Ne5 10. Nxe5 dxe5 11. Qg3 Nd7 12. f4 Bh4 13. Qf3 c6 14. Rhf1 Qe7 15. g4 exf4 16. Bxf4 Bg5 17. Bxg5 Qxg5+ 18. Kb1 Nf6 19. h3 Be6 20. Bxe6 Rxe6 21. Rd3 Rae8 22. Rfd1 h5 23. gxh5 Nxe4 24. Nxe4 Rxe4 25. Rd7 R4e7 26. a3 Kh7 27. Qd3+ Kh6 28. Rd4 Qxh5 29. Qc4 Re4 30. Rg1 Qf5 31. Qc3 Qf2 32. Rdd1 f6 33. Ka2 Qf5 34. Qg3 g5 35. Rgf1 Qg6 36. Rd7 R4e7 37. Rxe7 Rxe7 38. h4 g4 39. Qf4+ Kh5 40. Qd6 Qf7+ 41. b3 Qe6 42. Qd4 Qe5 43. Qd8 f5 44. Qf8 Kxh4 45. Rxf5 Qg7 46. Qd8 Qh7 47. Rf2 Kg3 48. Qd2 Qe4 49. Rf1 Qe3 50. Qd6+ Kg2 51. Rd1 Qf3 52. Qd4 g3 53. Qg1+ Kh3 54. Rd3 Qg2 55. Qc5 Re5 56. Qc3 Kh2 57. Rd2 Re2 58. Qh8+ Kg1 59. Rd1+ Qf1 60. Qd4+ Rf2 61. Rxf1+ Kxf1 62. Qd3+ Kg2 63. Qe4+ Kf1 64. Qh1+ Ke2 65. Qe4+ Kf1 66. Qh1+ Ke2 67. Qe4+ 1/2-1/2

[Event "3rd Memorial Warakomska 2019"]
[Site "Suwalki"]
[Date "2019.08.09"]
[Round "6.40"]
[White "Balinski, Damian"]
[Black "Shpanko, Nadiia"]
[Result "1/2-1/2"]
[ECO "A14"]
[WhiteElo "2176"]
[BlackElo "2132"]
[Annotator "NA"]
[PlyCount "144"]
[EventDate "2019.08.05"]
[EventType "swiss"]
[EventCountry "POL"]
[SourceTitle "playchess.com"]
[Source "ChessBase"]
[SourceQuality "1"]
[TimeControl "40/5400+30:1800+30"]

1. c4 e6 2. g3 d5 3. Bg2 Nf6 4. Nf3 Be7 5. O-O O-O 6. b3 c5 7. e3 b6 8. Bb2 Bb7 9. Qe2 Nc6 10. Rd1 Qc7 11. Nc3 dxc4 12. bxc4 Rad8 13. Rac1 Rd7 14. d4 Rfd8 15. d5 exd5 16. Bh3 dxc4 17. Bxd7 Rxd7 18. Qxc4 Na5 19. Qe2 Qc6 20. Rxd7 Nxd7 21. e4 Qe6 22. Rd1 h6 23. Nd5 Bxd5 24. Rxd5 Nf6 25. Re5 Qd7 26. Qd2 Qb7 27. Qc3 Kf8 28. Rf5 Qxe4 29. Re5 Qb1+ 30. Qe1 Qxe1+ 31. Rxe1 Nc4 32. Ba1 b5 33. Ne5 Nxe5 34. Bxe5 a5 35. a4 b4 36. Rc1 Nd5 37. Kf1 f6 38. Bb8 Nb6 39. Bc7 Nxa4 40. Bxa5 Nc3 41. Ke1 Ke8 42. Kd2 Kd7 43. Kd3 Kc6 44. Re1 Bd6 45. Bd8 Kb5 46. Re6 c4+ 47. Kd2 Bc5 48. Be7 Bd4 49. Bf8 b3 50. Bxg7 b2 51. Re1 b1=Q 52. Rxb1+ Nxb1+ 53. Kc1 Nc3 54. Bxh6 Bxf2 55. Kd2 Ne4+ 56. Ke2 Bd4 57. Bc1 Bg1 58. h4 Nxg3+ 59. Kf3 Nf5 60. h5 Bh2 61. Kg4 Ne7 62. h6 Be5 63. h7 f5+ 64. Kg5 c3 65. Ba3 c2 66. Bc1 Kc4 67. Kh5 Kd3 68. Bf4 Bh8 69. Bg5 Ke2 70. Kh4 Kd1 71. Kg3 c1=Q 72. Bxc1 Kxc1 1/2-1/2

[Event "3rd Memorial Warakomska 2019"]
[Site "Suwalki"]
[Date "2019.08.09"]
[Round "6.41"]
[White "Praczukowski, Stanislaw"]
[Black "Zakrzewski, Marek"]
[Result "0-1"]
[ECO "B47"]
[WhiteElo "2166"]
[BlackElo "2311"]
[Annotator "NA"]
[PlyCount "82"]
[EventDate "2019.08.05"]
[EventType "swiss"]
[EventCountry "POL"]
[SourceTitle "playchess.com"]
[Source "ChessBase"]
[SourceQuality "1"]
[TimeControl "40/5400+30:1800+30"]

1. e4 c5 2. Nf3 e6 3. d4 cxd4 4. Nxd4 Nc6 5. Nc3 Qc7 6. Be2 a6 7. O-O Nf6 8. Be3 Bb4 9. Nxc6 bxc6 10. Qd4 c5 11. Qc4 O-O 12. Bf3 d6 13. a3 Bxc3 14. Qxc3 Bb7 15. e5 dxe5 16. Qxc5 Rac8 17. Qxc7 Rxc7 18. Bxb7 Rxb7 19. Rab1 Rc8 20. Rfc1 Rbc7 21. c3 Nd5 22. Kf1 f5 23. g3 Kf7 24. Ke2 Rc4 25. Bd2 a5 26. b4 a4 27. Rb2 Ke7 28. Rbc2 e4 29. Kf1 e5 30. Be3 Ke6 31. Bc5 f4 32. Ke2 g5 33. f3 Nf6 34. Rd2 exf3+ 35. Kxf3 e4+ 36. Ke2 Nd5 37. Rdc2 Nc7 38. gxf4 gxf4 39. Rg1 Nb5 40. Rg7 Rc7 41. Rg4 Kf5 0-1

[Event "3rd Memorial Warakomska 2019"]
[Site "Suwalki"]
[Date "2019.08.09"]
[Round "6.42"]
[White "Chan, Kim Yew"]
[Black "Oborski, Artur"]
[Result "1/2-1/2"]
[ECO "A01"]
[WhiteElo "2276"]
[BlackElo "1969"]
[Annotator "NA"]
[PlyCount "185"]
[EventDate "2019.08.05"]
[EventType "swiss"]
[EventCountry "POL"]
[SourceTitle "playchess.com"]
[Source "ChessBase"]
[SourceQuality "1"]
[TimeControl "40/5400+30:1800+30"]

1. b3 d6 2. Bb2 e5 3. c4 g6 4. d4 Bg7 5. dxe5 Nd7 6. Nf3 dxe5 7. g3 Ne7 8. Bg2 O-O 9. Qc1 Nc6 10. O-O e4 11. Ne1 f5 12. Bxg7 Kxg7 13. Qb2+ Nf6 14. Nc3 Be6 15. Rd1 Qe7 16. f3 Qc5+ 17. Kh1 Qe5 18. f4 Qc5 19. Nd5 Bxd5 20. Rxd5 Qe7 21. Nc2 Kf7 22. Rdd1 Rad8 23. b4 Rxd1 24. Rxd1 Rd8 25. Rxd8 Qxd8 26. Qc1 Qd7 27. Qe1 Nd4 28. Ne3 Ne6 29. Qc3 Qd4 30. Qxd4 Nxd4 31. Bf1 h5 32. h3 Ke6 33. Kg2 c6 34. Kf2 b6 35. Ke1 c5 36. bxc5 bxc5 37. Kd2 Kd6 38. Ng2 Nc6 39. e3 Ne7 40. Kc3 Kc6 41. Be2 Kb6 42. Bd1 Ka5 43. Ne1 Nc6 44. a3 Ne7 45. Nc2 Nc6 46. Na1 Nd8 47. Nb3+ Kb6 48. Nd2 Ka5 49. Kb3 a6 50. Nb1 Kb6 51. Nc3 Kc6 52. Kb2 Kd6 53. Ne2 Nb7 54. Kc3 Nd8 55. Ba4 Nb7 56. Nc1 Na5 57. Bd1 Nb7 58. Kd2 Na5 59. Be2 Nd7 60. Kc3 Nf6 61. Bd1 Nb7 62. Nb3 Kc6 63. Nd2 Kd6 64. Nf1 Kc6 65. Nd2 Kd6 66. Be2 Nd8 67. Kc2 Kc6 68. Nb1 Nb7 69. Nc3 Kd6 70. Nd1 Nd8 71. Nf2 Nf7 72. g4 hxg4 73. hxg4 fxg4 74. Nxg4 Nh5 75. Nf2 Ng3 76. Bg4 Nh6 77. Bc8 Nhf5 78. Kd2 Nf1+ 79. Ke2 N1g3+ 80. Kd2 Nf1+ 81. Ke1 N1xe3 82. Nxe4+ Kc6 83. Bxa6 Ng2+ 84. Kf2 Nxf4 85. Bb5+ Kb6 86. Nc3 Nd6 87. Na4+ Ka5 88. Nxc5 Nxb5 89. cxb5 Kxb5 90. Nd7 Ka4 91. Kf3 g5 92. Kg4 Kxa3 93. Kxg5 1/2-1/2

[Event "3rd Memorial Warakomska 2019"]
[Site "Suwalki"]
[Date "2019.08.09"]
[Round "6.43"]
[White "Bai, Adelard"]
[Black "Kokoszczynski, Jan"]
[Result "1/2-1/2"]
[ECO "D30"]
[WhiteElo "2113"]
[BlackElo "2238"]
[Annotator "NA"]
[PlyCount "63"]
[EventDate "2019.08.05"]
[EventType "swiss"]
[EventCountry "POL"]
[SourceTitle "playchess.com"]
[Source "ChessBase"]
[SourceQuality "1"]
[TimeControl "40/5400+30:1800+30"]

1. d4 d5 2. c4 e6 3. Nf3 a6 4. cxd5 exd5 5. Nc3 Nf6 6. Bg5 Be6 7. e3 Nbd7 8. Bd3 Bd6 9. O-O O-O 10. Rc1 c6 11. Bb1 h6 12. Bh4 Qc7 13. Bg3 Rae8 14. Qd3 Bxg3 15. hxg3 Qd6 16. Nd2 Rd8 17. a3 c5 18. dxc5 Nxc5 19. Qc2 Rc8 20. Nf3 Rfd8 21. Nd4 Qe7 22. Ba2 b5 23. Qe2 Rc7 24. Nxe6 fxe6 25. Rfd1 Rdc8 26. Nb1 Nce4 27. Qe1 Qd6 28. Nd2 Qe5 29. Nxe4 Nxe4 30. Rxc7 Qxc7 31. Bb1 Qe5 32. Rc1 1/2-1/2

[Event "3rd Memorial Warakomska 2019"]
[Site "Suwalki"]
[Date "2019.08.09"]
[Round "6.44"]
[White "Korbal, Arkadiusz"]
[Black "Wolanski, Michal"]
[Result "1-0"]
[ECO "B27"]
[WhiteElo "2178"]
[BlackElo "2007"]
[Annotator "NA"]
[PlyCount "63"]
[EventDate "2019.08.05"]
[EventType "swiss"]
[EventCountry "POL"]
[SourceTitle "playchess.com"]
[Source "ChessBase"]
[SourceQuality "1"]
[TimeControl "40/5400+30:1800+30"]

1. e4 c5 2. Nf3 g6 3. d4 cxd4 4. Qxd4 Nf6 5. Nc3 Bg7 6. e5 Nc6 7. Qa4 Ng8 8. Bf4 Nh6 9. h3 O-O 10. O-O-O f6 11. Bc4+ Kh8 12. e6 d6 13. g4 Ne5 14. Nxe5 fxe5 15. Be3 a6 16. Bd5 Rb8 17. h4 b5 18. Qe4 b4 19. Ne2 Qc7 20. h5 g5 21. Bxg5 Bb7 22. Be3 Bxd5 23. Rxd5 Rfc8 24. g5 Ng4 25. h6 Bxh6 26. Rc5 dxc5 27. Qxg4 Rg8 28. Rxh6 Rg7 29. g6 Qc8 30. Qh5 Qg8 31. Qxe5 Rf8 32. Rxh7+ 1-0

[Event "3rd Memorial Warakomska 2019"]
[Site "Suwalki"]
[Date "2019.08.09"]
[Round "6.45"]
[White "Czarniecka, Aleksandra"]
[Black "Szostko, Jakub"]
[Result "0-1"]
[ECO "C45"]
[WhiteElo "2042"]
[BlackElo "2245"]
[Annotator "NA"]
[PlyCount "120"]
[EventDate "2019.08.05"]
[EventType "swiss"]
[EventCountry "POL"]
[SourceTitle "playchess.com"]
[Source "ChessBase"]
[SourceQuality "1"]
[TimeControl "40/5400+30:1800+30"]

1. e4 e5 2. Nf3 Nc6 3. d4 exd4 4. Nxd4 Bc5 5. Be3 Qf6 6. c3 Nge7 7. Bc4 O-O 8. O-O b6 9. Qd2 Qg6 10. Nxc6 Nxc6 11. Bxc5 bxc5 12. Qd5 Rb8 13. b3 Bb7 14. Nd2 d6 15. Qd3 Ne5 16. Qe2 Rbe8 17. Rae1 Kh8 18. Ba6 Ba8 19. f4 Nd7 20. Bb5 Re7 21. Bxd7 Rxd7 22. f5 Qf6 23. Rf3 Re7 24. Re3 Rfe8 25. c4 Re5 26. Qg4 g6 27. fxg6 fxg6 28. Rf1 Qg7 29. Ref3 R5e7 30. Qh4 Bxe4 31. Nxe4 Rxe4 32. Qxe4 Rxe4 33. Rf8+ Qg8 34. R1f7 Re1+ 35. Kf2 Ra1 36. Rxg8+ Kxg8 37. Rxc7 Rxa2+ 38. Kg1 Rb2 39. Rxa7 Rxb3 40. Rd7 Rd3 41. Kf2 Rd4 42. h3 h5 43. g3 g5 44. Ke3 Kf8 45. Rh7 h4 46. gxh4 gxh4 47. Rh6 Ke7 48. Rh7+ Ke6 49. Rh6+ Kd7 50. Ke2 Rxc4 51. Kd3 Rd4+ 52. Kc3 Kc6 53. Kc2 c4 54. Rh5 d5 55. Rh6+ Kc5 56. Rh8 Rf4 57. Rc8+ Kd4 58. Rh8 Rf2+ 59. Kd1 Kd3 60. Ke1 Re2+ 0-1

[Event "3rd Memorial Warakomska 2019"]
[Site "Suwalki"]
[Date "2019.08.09"]
[Round "6.46"]
[White "Dmochowska, Agnieszka"]
[Black "Szczurek, Krzysztof"]
[Result "1-0"]
[ECO "B96"]
[WhiteElo "2126"]
[BlackElo "2104"]
[Annotator "NA"]
[PlyCount "93"]
[EventDate "2019.08.05"]
[EventType "swiss"]
[EventCountry "POL"]
[SourceTitle "playchess.com"]
[Source "ChessBase"]
[SourceQuality "1"]
[TimeControl "40/5400+30:1800+30"]

1. e4 c5 2. Nf3 d6 3. d4 cxd4 4. Nxd4 Nf6 5. Nc3 a6 6. Bg5 e6 7. f4 h6 8. Bh4 Qb6 9. a3 Be7 10. Bf2 Qc7 11. Qf3 Nc6 12. O-O-O Nxd4 13. Bxd4 Qc6 14. Re1 b5 15. g4 Bb7 16. Bd3 O-O-O 17. Kb1 Kb8 18. g5 Ne8 19. h4 Ka8 20. Qe2 f6 21. gxh6 Rxh6 22. f5 Nc7 23. Be3 Rh7 24. fxe6 Rdh8 25. Nd5 g6 26. Nb4 Qe8 27. Bf2 Nxe6 28. c4 Qb8 29. cxb5 Nf4 30. Qd2 Nxd3 31. Nxd3 f5 32. Nb4 Bxe4+ 33. Rxe4 fxe4 34. bxa6 Qb5 35. Qd4 e3 36. Qe4+ Kb8 37. a7+ Kxa7 38. Qxe3+ Kb8 39. Qa7+ Kc8 40. Bb6 Bg5 41. Qa8+ Kd7 42. Qb7+ Ke6 43. Re1+ Kf5 44. Qe4+ Kf6 45. hxg5+ Kxg5 46. Rg1+ Kh6 47. Qxg6# 1-0

[Event "3rd Memorial Warakomska 2019"]
[Site "Suwalki"]
[Date "2019.08.09"]
[Round "6.47"]
[White "Leskiewicz, Ignacy"]
[Black "Bommini Mounika Akshaya"]
[Result "1-0"]
[ECO "C95"]
[WhiteElo "2120"]
[BlackElo "2063"]
[Annotator "NA"]
[PlyCount "89"]
[EventDate "2019.08.05"]
[EventType "swiss"]
[EventCountry "POL"]
[SourceTitle "playchess.com"]
[Source "ChessBase"]
[SourceQuality "1"]
[TimeControl "40/5400+30:1800+30"]

1. e4 e5 2. Nf3 Nc6 3. Bb5 a6 4. Ba4 Nf6 5. O-O Be7 6. Re1 b5 7. Bb3 d6 8. c3 O-O 9. h3 Nb8 10. d4 Nbd7 11. Nbd2 Bb7 12. Bc2 Re8 13. b3 Bf8 14. Bb2 c6 15. a4 g6 16. dxe5 dxe5 17. Qe2 Nh5 18. g3 Qc7 19. Red1 Nc5 20. axb5 cxb5 21. b4 Ne6 22. Bb3 Bc8 23. Kh2 f6 24. Nf1 Kh8 25. Ne3 Qg7 26. Nd5 Rb8 27. c4 Nc7 28. Nxc7 Qxc7 29. c5 Qg7 30. Rd3 Qh6 31. Qf1 g5 32. Rad1 Ng7 33. Bc1 Qh5 34. Ng1 Ne6 35. Qe2 Qh6 36. Be3 a5 37. c6 Bxb4 38. Bxe6 Bxe6 39. c7 Rbc8 40. Rd8 Qf8 41. Bb6 Bc4 42. Rxc8 Rxc8 43. Qg4 Be7 44. Qxc8 Qxc8 45. Rd8+ 1-0

[Event "3rd Memorial Warakomska 2019"]
[Site "Suwalki"]
[Date "2019.08.10"]
[Round "7.1"]
[White "Harsha Bharathakoti"]
[Black "Markowski, Tomasz"]
[Result "1-0"]
[ECO "E12"]
[WhiteElo "2486"]
[BlackElo "2537"]
[Annotator "ChessBase"]
[PlyCount "63"]
[EventDate "2019.08.05"]
[EventType "swiss"]
[EventCountry "POL"]
[SourceTitle "playchess.com"]
[Source "ChessBase"]
[SourceQuality "1"]
[TimeControl "40/5400+30:1800+30"]

1. d4 Nf6 2. c4 e6 3. Nf3 b6 4. a3 Bb7 5. Nc3 Ne4 6. Nxe4 Bxe4 7. e3 c5 8. Bd3 Bb7 9. O-O Be7 10. b3 d6 11. Bb2 Nd7 12. Qe2 O-O 13. e4 cxd4 14. Nxd4 a6 15. f4 Bf6 16. Rad1 Qc7 17. b4 Rac8 18. Qh5 h6 19. Rf3 b5 20. Rg3 Kh8 21. c5 Nxc5 22. Nxb5 Qd8 23. Nxd6 Bxb2 24. bxc5 Qc7 25. Nxc8 Rxc8 26. Qe2 Qxc5+ 27. Kh1 Qxa3 28. Bc4 Bc3 29. Rb1 Ba8 30. Qd3 Bb2 31. Qxa3 Bxa3 32. Bxa6 1-0